 Dungeon Crawl Stone Soup version 0.15.0-29-ga8e3430 (webtiles) character file.

567117 Johnny the Geomancer (level 24, 184/184 (200) HPs)
             Began as a Demigod Fire Elementalist on Sept 9, 2014.
             Starved to death
             ... while paralysed
             ... on Level 4 of the Orcish Mines on Sept 12, 2014.
             The game lasted 14:40:05 (128826 turns).

Johnny the Geomancer (Demigod Fire Elementalist)  Turns: 128826, Time: 14:40:05

HP 184/184 (200) AC 34     Str 19      XL: 24   Next: 32%
MP  38/38        EV  2     Int 29 (32) God:
Gold 2308        SH  0     Dex 21      Spells: 12 memorised,  9 levels left

rFire  + . .     SeeInvis +     A - +6 dagger (protect)
rCold  + + .     Clarity  .     P - +5 ring mail {rF+}
rNeg   . . .     rCorr    +     m - +3 buckler {AC+3}
rPois  +         rRot     .     b - +2 hat {MR+}
rElec  +         Spirit   .     p - +5 cloak of Rafatewk {+Inv rPois rC+ MR+}
SustAb +         Warding  .     j - +0 pair of gloves of the Forsaken Realms {MR++ Int+2}
rMut   .         Rnd*Tele +     J - +2 pair of boots
Gourm  .                        B - amulet of resist corrosion
MR     +++++                    f - ring "Smoyruas" {EV+2 Dex+3 Int+3}
                                y - ring of Mnusuih {SustAb rElec SInv}

@: paralysed, starving, studying 2 skills, almost entirely resistant to hostile
enchantments, quite stealthy
A: cold resistance 1, dopey 1, low mp 1, regeneration 1, screaming 1,
teleportitis 1, placid magic 2
a: Evoke Invisibility
}: 3/15 runes: barnacled, silver, gossamer


You were on level 4 of the Orcish Mines.
You were starving.

You visited 9 branches of the dungeon, and saw 54 of its levels.
You also visited: Labyrinth and Ice Cave.

You collected 7303 gold pieces.
You spent 4995 gold pieces at shops.

Inventory:

Hand weapons
 A - a +6 dagger of protection (weapon)
Armour
 b - a +2 hat of magic resistance (worn)
 j - the +0 pair of gloves of the Forsaken Realms (worn) {MR++ Int+2}
   (You bought it in a shop on level 4 of the Orcish Mines)

   It affects your intelligence (+2).
   It affects your resistance to hostile enchantments.
 m - a +3 buckler of protection (worn)
 p - the +5 cloak of Rafatewk (worn) {+Inv rPois rC+ MR+}
   (You acquired it on level 3 of the Elven Halls)

   It protects you from cold.
   It protects you from poison.
   It affects your resistance to hostile enchantments.
   It lets you turn invisible.
 J - a +2 pair of boots (worn)
 P - a +5 ring mail of fire resistance (worn)
Magical devices
 d - a wand of draining (0)
 O - a wand of enslavement (5)
Scrolls
 h - 7 scrolls of amnesia
 k - 3 scrolls of holy word
 l - 4 scrolls of fog
 o - 3 scrolls of identify
 q - 41 scrolls of remove curse
 H - 5 scrolls of enchant armour
 M - 2 scrolls of magic mapping
 N - a scroll of teleportation
 X - 2 scrolls of vulnerability
Jewellery
 e - the ring "Wuojup" {rC++ AC-2}
   (You found it in a labyrinth)

   [ring of protection]

   It affects your AC (-2).
   It greatly protects you from cold.
 f - the ring "Smoyruas" (right hand) {EV+2 Dex+3 Int+3}
   (You bought it in a shop on level 4 of the Orcish Mines)

   [ring of evasion]

   It affects your evasion (+2).
   It affects your intelligence (+3).
   It affects your dexterity (+3).
 y - the ring of Mnusuih (left hand) {SustAb rElec SInv}
   (You took it off a deep elf annihilator on level 3 of the Elven Halls)

   [ring of sustain abilities]

   It sustains your strength, intelligence and dexterity.
   It insulates you from electricity.
   It enhances your eyesight.
 B - an amulet of resist corrosion (around neck)
 G - the ring of Generosity {rC+ Int-1 SInv}
   (You found it on level 3 of the Vaults)

   [ring of see invisible]

   It affects your intelligence (-1).
   It protects you from cold.
   It enhances your eyesight.
 Q - the amulet of Jeruhaum {Clar Str-3 Int+3}
   (You found it in an ice cave)

   [amulet of clarity]

   It provides mental clarity.
   It affects your strength (-3).
   It affects your intelligence (+3).
 Z - the ring of Poeciniq {-Tele rElec rC++ MP+9 Str+3 Stlth+}
   (You bought it in a shop on level 4 of the Orcish Mines)

   [ring of magical power]

   It affects your strength (+3).
   It greatly protects you from cold.
   It insulates you from electricity.
   It affects your magic capacity (+9).
   It prevents most forms of teleportation.
   It makes you more stealthy.
Potions
 t - a potion of restore abilities
 x - a potion of cancellation
 D - a potion of berserk rage
 I - a potion of poison
 L - 10 potions of brilliance
 W - a potion of flight
 Y - a potion of curing
Books
 n - the Tome of Unholy Rituals and the Snowflakes
   (You found it on level 5 of the Shoals)

   Spells                             Type                      Level
   Animate Skeleton                   Necromancy                   1
   *Regeneration                      Charms/Necromancy            3
   Condensation Shield                Ice                          4
   Simulacrum                         Ice/Necromancy               6
   Death Channel                      Necromancy                   6
 r - the Handbook of Frigorific Talismans
   (You found it on level 3 of the Elven Halls)

   Spells                             Type                      Level
   Freeze                             Ice                          1
   Repel Missiles                     Charms/Air                   2
   Ensorcelled Hibernation            Hexes/Ice                    2
   Ozocubu's Armour                   Charms/Ice                   3
   Deflect Missiles                   Charms/Air                   6
 s - a book of Geomancy

   Spells                             Type                      Level
   Sandblast                          Earth                        1
   Stoneskin                          Transmutation/Earth          2
   Passwall                           Transmutation/Earth          3
   Stone Arrow                        Conjuration/Earth            3
   Petrify                            Transmutation/Earth          4
   Lee's Rapid Deconstruction         Earth                        5
 u - a book of Maledictions

   Spells                             Type                      Level
   Corona                             Hexes                        1
   Sure Blade                         Hexes/Charms                 2
   Ensorcelled Hibernation            Hexes/Ice                    2
   Confuse                            Hexes                        3
   Dazzling Spray                     Conjuration/Hexes            3
   Enslavement                        Hexes                        4
 v - a manual of Earth Magic
 w - the Reference Book on Vitriolic Attacks
   (You found it on level 5 of the Vaults)

   Spells                             Type                      Level
   Sting                              Conjuration/Poison           1
   *Flame Tongue                      Conjuration/Fire             1
   Cure Poison                        Poison                       2
   Dazzling Spray                     Conjuration/Hexes            3
   Olgreb's Toxic Radiance            Poison                       4
   Bolt of Draining                   Conjuration/Necromancy       5
 z - the Tome of the Compass
   (You found it on level 5 of the Vaults)

   Spells                             Type                      Level
   Apportation                        Translocation                1
   *Blink                             Translocation                2
   Portal Projectile                  Translocation                3
   Phase Shift                        Translocation                5
   Disjunction                        Translocation                8
 C - a book of Hinderance

   Spells                             Type                      Level
   Confusing Touch                    Hexes                        2
   Confuse                            Hexes                        3
   Petrify                            Transmutation/Earth          4
   Leda's Liquefaction                Hexes/Earth                  4
   Metabolic Englaciation             Hexes/Ice                    5
   Summon Mana Viper                  Hexes/Summoning              5
 E - Roxanne's Compendium of Transmigration
   (You took it off Roxanne on level 14 of the Dungeon)

   Spells                             Type                      Level
   *Beastly Appendage                 Transmutation                1
   Sticks to Snakes                   Transmutation                2
   Ice Form                           Ice/Transmutation            4
   Ignite Poison                      Fire/Transmutation           5
   Statue Form                        Transmutation/Earth          6
 K - a Necronomicon {highlevel}

   This book is beyond your current level of understanding.

   Spells                             Type                      Level
   Haunt                              Necromancy/Summoning         7
   Borgnjor's Revivification          Necromancy                   8
   Death's Door                       Charms/Necromancy            8
   Necromutation                      Transmutation/Necromancy     8
 S - a book of Unlife

   Spells                             Type                      Level
   Recall                             Summoning/Translocation      3
   Animate Dead                       Necromancy                   4
   Control Undead                     Necromancy                   4
   Twisted Resurrection               Necromancy                   5
   Death Channel                      Necromancy                   6
   Simulacrum                         Ice/Necromancy               6
 T - a book of Fire

   Spells                             Type                      Level
   Ignite Poison                      Fire/Transmutation           5
   *Fireball                          Conjuration/Fire             5
   Bolt of Fire                       Conjuration/Fire             6
   Delayed Fireball                   Conjuration/Fire             7
   Ring of Flames                     Charms/Fire                  7
 U - a manual of Armour
Miscellaneous
 c - a crystal ball of energy


   Skills:
 * Level 13.1 Fighting
 * Level 12.7 Armour
 * Level 13.6 Dodging
 + Level 10.7 Stealth
 * Level 13.8 Spellcasting
 - Level 13.0 Conjurations
 - Level 8.4 Hexes
 - Level 11.5 Charms
 - Level 10.2 Summonings
 * Level 6.3 Necromancy
 - Level 6.8 Translocations
 * Level 4.9 Transmutations
 - Level 12.0 Fire Magic
 - Level 9.6 Ice Magic
 - Level 8.6 Air Magic
 * Level 14.2 Earth Magic
 * Level 10.6 Evocations


You had 9 spell levels left.
You knew the following spells:

 Your Spells              Type           Power        Failure   Level  Hunger
a - Throw Flame           Conj/Fire      #####.       0%          2    None
b - Sticky Flame          Conj/Fire      #####...     0%          4    None
c - Cause Fear            Hex            ####......   1%          4    None
d - Fireball              Conj/Fire      #####.....   0%          5    None
e - Freezing Cloud        Conj/Ice/Air   #####.....   2%          6    ####...
f - Flame Tongue          Conj/Fire      #####        0%          1    None
g - Iron Shot             Conj/Erth      #####.....   1%          6    ####...
h - Summon Butterflies    Summ           #####...     0%          1    None
i - Haste                 Chrm           #####...     1%          6    ####...
j - Blink                 Tloc           N/A          0%          2    None
k - Regeneration          Chrm/Necr      #####.....   0%          3    None
l - Beastly Appendage     Trmt           ###...       0%          1    None


Dungeon Overview and Level Annotations

Branches:
Dungeon (15/15)            Temple (0/1) D:4             Orc (4/4) D:12
    Elf (3/3) Orc:3          Lair (8/8) D:9          Shoals (5/5) Lair:3
 Spider (5/5) Lair:6        Slime (6/6) Lair:8       Vaults (5/5) D:13
  Crypt (0/3) Vaults:2     Depths (3/5) D:15

Shops:
D:4 %   D:6 [   D:7 }   D:14 !   D:15 [   Orc:2 ?   Orc:4 *[=   Elf:2 [=[
Elf:3 [   Shoals:4 =   Shoals:5 ([*}:   Vaults:1 :[[(}   Vaults:2 :

Portals:
Hell: Depths:1 Depths:2
Abyss: Depths:1 Depths:2
Trove: D:11 (give wand of hasting (9))


Innate Abilities, Weirdness & Mutations

Your flesh is cold resistant.
You are dopey. (Int -2)
Your magical capacity is low (-10% MP).
Your natural rate of healing is unusually fast.
You occasionally shout uncontrollably at your foes.
Space occasionally distorts in your vicinity.
Your spells are easier to cast, but less powerful.


Message History

You see here a short sword.
You climb downwards.
There is a stone staircase leading up here.
There is a stone staircase leading up here.
You lose consciousness!
You can move again.
There is a stone staircase leading down here.
You climb downwards.
There is a stone staircase leading up here.
There is an open door here.
Items here: )))) [[[[
Items here: ( )))) [[
Things that are here:
a leather armour; a short sword
There is a fountain of sparkling water here.
Drink which item? (? for menu, Esc to quit)
You feel better.
You lose consciousness!
You have starved to death.
You die...

#### #∩..#..∩#.......#######§
≈[.#######[..#.(!#.##'##.#.)≈≈§≈≈
≈..'.....#...#...#.#...#.').≈≈§≈§
≈).#.....##'###'##.#[..###..≈§≈≈#
####.....'..)..[/..'._)'.########
#############[###.[.#.# ##
#...###..#.....#...#.# #####
≈#####......)#()[..#####.# #...##
≈≈##..(......[([@..# #.###.....
≈###.........#(....# #.()))....
≈P♣..........#.....# #####.....
.......(.....############ #...##
.♣....[............##...# #####
...).[.)..............###
........##............# ###
#......###............###.##
..[..#...##......<...###...####


There were no monsters in sight!

Vanquished Creatures
  the royal jelly (Slime:6)
  An ancient lich (Vaults:5)
  Saint Roka (Vaults:1)
  Norris (Shoals:3)
  Jory (Vaults:2)
  3 golden dragons
  Arachne (Spider:2)
  2 liches (Vaults:5)
  Asterion (Vaults:1)
  A tentacled monstrosity (Vaults:5)
  The ghost of elenap21 the Traitor, a mighty MiDK of Yredelemnul (Slime:6)
  A deep elf master archer (Elf:3)
  4 titans
  A deep elf blademaster (Elf:3)
  24 acid blobs
  2 storm dragons
  The ghost of Chiseanne the Ninja, a mighty SpAs of Dithmenos (Elf:3)
  4 sphinxes
  5 shadow dragons
  Frances (Shoals:1)
  7 tengu reavers
  A spectral weapon (Vaults:1)
  Roxanne (D:14)
  9 azure jellies
  Ilsuiw (Shoals:5)
  3 ghost moths
  Donald (Orc:4)
  15 vault wardens
  The ghost of Mayheim the Spry, a mighty SpEn of Vehumet (Shoals:2)
  7 deep elf sorcerers
  10 frost giants
  6 emperor scorpions
  An iron dragon (Depths:2)
  7 fire giants
  An orc warlord (Orc:4)
  Gastronok (D:13)
  8 very ugly things
  2 war gargoyles (Vaults:5)
  12 stone giants
  5 deep elf demonologists
  2 vampire knights (Depths:2)
  A yellow draconian (shapeshifter) (Vaults:1)
  13 deep elf annihilators
  2 minotaurs
  12 crystal guardians
  6 merfolk javelineers
  15 merfolk impalers
  6 deep elf death magi
  21 death oozes
  10 yaktaur captains
  8 ettins
  8 fire dragons
  Josephine (Orc:2)
  4 deep elf high priests
  5 rakshasas
  A minotaur (shapeshifter) (Elf:2)
  12 great orbs of eyes
  11 hydras
  32 vault guards
  Fannar (Elf:1)
  7 ice dragons
  2 spriggan air magi (Depths:2)
  14 ironheart preservers
  A ravenous item mimic (Elf:3)
  4 merfolk aquamancers
  A death knight (Depths:2)
  Erica (Lair:1)
  6 centaur warriors
  26 death yaks
  3 sirens
  4 dancing weapons
  2 deep troll earth magi (Depths:2)
  A satyr (Shoals:5)
  17 ogre magi
  A tengu warrior (Depths:1)
  A vampire mage (Vaults:2)
  3 deep troll shamans
  8 orc high priests
  A spriggan berserker (Depths:3)
  Urug (D:11)
  3 hell hogs (Depths:1)
  A fire crab (shapeshifter) (Depths:1)
  2 catoblepae (shapeshifter)
  Nergalle (Lair:1)
  A sun demon (Shoals:1)
  A catoblepas (Lair:2)
  22 deep elf knights
  14 skeletal warriors
  A fire crab (Vaults:4)
  22 orb spiders
  2 unseen horrors
  13 deep trolls
  14 sea snakes
  7 flayed ghosts
  14 ironbrand convokers
  2 giant orange brains
  2 ice statues (IceCv)
  8 hill giants
  11 deep elf summoners
  23 orc knights
  A lindwurm (Lair:8)
  3 wizards
  An oklob plant (Depths:1)
  44 wolf spiders
  59 ugly things
  16 deep elf conjurers
  8 red wasps
  A harpy (shapeshifter) (Vaults:5)
  A necromancer (Vaults:2)
  17 manticores
  A phantasmal warrior (Depths:2)
  9 griffons
  A frost giant zombie (D:15)
  42 harpies
  10 fauns
  A stone giant zombie (Vaults:2)
  11 orc sorcerers
  9 cyclopes
  A shining eye (shapeshifter) (Vaults:5)
  131 slime creatures
  10 shining eyes
  A manticore (shapeshifter) (Vaults:5)
  4 moths of wrath
  A water nymph (shapeshifter) (D:15)
  13 elephants
  A salamander (Depths:2)
  9 mermaids
  A sixfirhy (Vaults:5)
  A stone giant skeleton (Vaults:2)
  2 naga magi
  An eye of devastation (shapeshifter) (Vaults:5)
  6 black mambas
  4 water nymphs
  Joseph (D:11)
  An octopode (shapeshifter) (Vaults:1)
  12 spiny frogs
  3 torpor snails
  11 vault sentinels
  3 gargoyles
  47 yaktaurs
  6 eyes of devastation
  A centaur skeleton (D:15)
  A feature mimic (D:9)
  29 jumping spiders
  A spiny frog (shapeshifter) (Vaults:4)
  15 demonic crawlers
  13 fire drakes
  6 komodo dragons
  A queen bee (shapeshifter) (Vaults:3)
  A troll (shapeshifter) (Vaults:4)
  15 trolls
  3 kobold demonologists
  22 deep elf priests
  6 freezing wraiths
  A hell beast (Elf:3)
  2 tengu conjurers
  3 harpy zombies (Shoals:5)
  3 polar bears
  32 merfolk
  Sonja (D:12)
  A minotaur zombie (Lab)
  2 blue devils
  A tengu simulacrum (Vaults:2)
  2 giant leeches (Lair:8)
  A sphinx simulacrum (Vaults:3)
  A fire giant simulacrum (Vaults:3)
  A baby alligator (shapeshifter) (Vaults:5)
  11 ravens
  2 wind drakes (Shoals:5)
  An ettin zombie (Vaults:2)
  A raven (shapeshifter) (D:15)
  6 boulder beetles
  27 two-headed ogres
  An ettin skeleton (Vaults:2)
  14 snapping turtles
  14 blink frogs
  5 basilisks
  2 spriggans
  35 trapdoor spiders
  4 vampires
  A shadow (D:12)
  4 wraiths
  61 redbacks
  18 water elementals
  46 deep elf magi
  A griffon skeleton (D:12)
  3 wyverns
  30 vampire mosquitoes
  2 hill giant zombies
  56 yaks
  34 tarantellas
  A golden eye (shapeshifter) (Vaults:4)
  A soldier ant (D:13)
  47 deep elf fighters
  17 hippogriffs
  A hog (shapeshifter) (D:13)
  An elf skeleton (D:15)
  A mottled dragon (shapeshifter) (Depths:2)
  28 wolves
  2 hill giant skeletons
  3 hippogriffs (shapeshifter)
  3 mottled dragons
  2 nagas (Depths:2)
  28 water moccasins
  7 porcupines
  Edmund (D:5)
  A steam dragon (D:12)
  9 wargs
  4 necrophages
  67 orc warriors
  4 phantoms
  A black bear (D:13)
  75 ogres
  7 hell hounds (Depths:1)
  A human simulacrum (Vaults:1)
  6 sky beasts
  45 spiders
  3 yellow wasps
  A manticore skeleton (D:15)
  A red wasp simulacrum (D:15)
  21 ice beasts
  5 brain worms (Lair:8)
  15 crocodiles
  7 big kobolds
  Sigmund (D:7)
  A lost soul (Elf:3)
  Duvessa (D:5)
  A fire crab zombie (D:15)
  17 centaurs
  A brain worm (shapeshifter) (Vaults:5)
  Blork the orc (D:8)
  16 giant frogs
  A yaktaur skeleton (D:12)
  14 eyes of draining
  2 hippogriff zombies
  A killer bee (shapeshifter) (Vaults:4)
  10 scorpions
  A warg skeleton (Orc:2)
  19 wights
  27 killer bees
  2 troll zombies
  2 electric eels
  Dowan (D:5)
  3 crimson imps
  2 goliath beetles
  A giant frog zombie (D:5)
  A gnoll shaman (D:10)
  A two-headed ogre zombie (D:13)
  A centaur zombie (D:8)
  45 orc priests
  A black bear zombie (D:3)
  13 hounds
  32 jellies
  A giant frog skeleton (D:6)
  5 iguanas
  39 orc wizards
  6 worker ants
  9 orange rats
  17 sheep
  A big kobold zombie (D:11)
  Ijyb (D:4)
  Jessica (D:3)
  An ogre zombie (D:6)
  3 hound skeletons
  A worker ant zombie (D:11)
  7 gnolls
  24 adders
  77 green rats
  4 shadow imps
  23 worms
  2 giant mites
  A white imp (Depths:3)
  An ufetubus (Orc:4)
  12 orc zombies
  2 giant eyeballs (Depths:2)
  4 oozes
  352 orcs
  A ball python (D:4)
  13 bats
  6 giant cockroaches
  34 goblins
  29 hobgoblins
  26 jackals
  36 kobolds
  8 quokkas
  3 giant geckos
  A giant mite zombie (D:6)
  5 giant newts
  A giant spore (D:13)
  A goblin skeleton (D:5)
  A hobgoblin skeleton (D:8)
  A kobold skeleton (D:7)
  A kobold zombie (D:5)
  6 orc skeletons
  A quokka zombie (D:9)
  18 rats
  3 rat skeletons
  4 spectral orcs (Lair:1)
  2 bushes (Lair:7)
  5 butterflies (Vaults:5)
  5 crawling corpses
  4 fungi
  7 plants
3095 creatures vanquished.

Vanquished Creatures (collateral kills)
  A frost giant (Depths:1)
  A stone giant (Depths:1)
  A vault guard (Vaults:2)
  A great orb of eyes (Vaults:2)
  A deep troll earth mage (Vaults:2)
  An ogre mage (Depths:1)
  A giant orange brain (Vaults:2)
  An ironbrand convoker (Vaults:2)
  An oklob plant (Depths:1)
  A cyclops (Vaults:2)
  4 ugly things (Depths:1)
  A yaktaur (Vaults:2)
  A two-headed ogre (Depths:1)
  A vampire (Vaults:2)
  6 ogres (Depths:1)
23 creatures vanquished.

Vanquished Creatures (others)
  A lich (Depths:1)
  A stone giant (Depths:1)
  A fire dragon (Depths:1)
  An ettin (Depths:1)
  A deep troll shaman (Depths:1)
  A deep troll (Depths:1)
  A deep elf knight (Elf:1)
  2 iron trolls (Depths:1)
  2 skeletal warriors (Vaults:2)
  A wolf spider (Vaults:2)
  A deep elf conjurer (Depths:1)
  An octopode (shapeshifter) (Depths:2)
  2 drowned souls (Shoals:3)
  A phantasmal warrior (Vaults:2)
  A raven (Depths:1)
  A swamp worm (shapeshifter) (Vaults:2)
  2 orc warriors
  A lost soul (Elf:3)
  3 adders
  An orc (Orc:2)
  2 bats (D:8)
  2 quokkas (Lair:1)
  2 rats (Lair:1)
  A bush (Lair:8)
  20 butterflies
  18 fungi
  13 plants
84 creatures vanquished.

Grand Total: 3202 creatures vanquished

Notes
Turn   | Place    | Note
--------------------------------------------------------------
     0 | D:1      | Johnny, the Demigod Fire Elementalist, began the quest for the Orb.
     0 | D:1      | Reached XP level 1. HP: 14/14 MP: 3/3
   293 | D:1      | Reached skill level 1 in Conjurations
   551 | D:1      | Reached XP level 2. HP: 17/20 MP: 1/4
  1130 | D:1      | Reached XP level 3. HP: 26/26 MP: 1/8
  1360 | D:1      | Learned a level 2 spell: Throw Flame
  1364 | D:1      | Learned a level 3 spell: Conjure Flame
  2312 | D:2      | Reached skill level 1 in Armour
  2520 | D:2      | Reached XP level 4. HP: 33/33 MP: 0/11
  3432 | D:3      | Reached skill level 3 in Fire Magic
  3491 | D:3      | Found a shadowy altar of Dithmenos.
  3493 | D:3      | Found an ancient bone altar of Kikubaaqudgha.
  3513 | D:3      | Found a stormy altar of Qazlal.
  3667 | D:3      | Noticed Jessica
  3708 | D:3      | Killed Jessica
  3708 | D:3      | Reached XP level 5. HP: 38/38 MP: 4/13
  4244 | D:4      | Found a staircase to the Ecumenical Temple.
  4561 | D:4      | Found Chuugg's Food Shoppe.
  4570 | D:4      | Bought a bread ration for 50 gold pieces
  4570 | D:4      | Bought a bread ration for 50 gold pieces
  5149 | D:4      | Found a blossoming altar of Fedhas.
  5494 | D:4      | Noticed Ijyb
  5503 | D:4      | Killed Ijyb
  5503 | D:4      | Reached XP level 6. HP: 44/46 MP: 8/17
  5707 | D:4      | Learned a level 4 spell: Sticky Flame
  6056 | D:5      | Entered Level 5 of the Dungeon
  6244 | D:5      | Noticed Duvessa
  6244 | D:5      | Noticed Dowan
  6362 | D:5      | Killed Duvessa
  6362 | D:5      | Reached skill level 1 in Fighting
  6467 | D:5      | Reached skill level 1 in Evocations
  6489 | D:5      | Reached XP level 7. HP: 52/52 MP: 4/19
  6639 | D:5      | Gained mutation: Your natural rate of healing is unusually fast. [mutagenic meat]
  6702 | D:5      | Noticed Edmund
  6717 | D:5      | Killed Edmund
  6853 | D:5      | Killed Dowan
  6853 | D:5      | Reached skill level 4 in Fire Magic
  8079 | D:6      | Found a radiant altar of Vehumet.
  8203 | D:6      | Reached XP level 8. HP: 59/59 MP: 5/21
  8373 | D:6      | Found Kuqaep's Armour Emporium.
  8376 | D:6      | Bought a +0 ring mail of fire resistance for 121 gold pieces
  8443 | D:6      | Found a sparkling altar of Nemelex Xobeh.
 10653 | D:7      | Noticed Sigmund
 11082 | D:8      | Learned a level 5 spell: Fireball
 11084 | D:8      | Learned a level 1 spell: Summon Small Mammal
 11174 | D:8      | Reached skill level 5 in Fire Magic
 11174 | D:8      | Reached XP level 9. HP: 66/68 MP: 14/23
 11289 | D:8      | Noticed Psyche
 11294 | D:8      | Noticed Psyche
 11294 | D:8      | Psyche changed into Psyche the worm
 11298 | D:8      | Killed Psyche the worm
 11390 | D:7      | Found Theodir's Gadget Boutique.
 11859 | D:7      | Reached skill level 1 in Summonings
 11974 | D:7      | Killed Sigmund
 11974 | D:7      | Reached skill level 5 in Spellcasting
 12199 | D:7      | Found a deep blue altar of Sif Muna.
 12398 | D:7      | Noticed a hill giant
 12408 | D:7      | Killed a hill giant
 12408 | D:7      | Reached skill level 5 in Dodging
 12408 | D:7      | Reached skill level 5 in Stealth
 12408 | D:7      | Reached skill level 5 in Conjurations
 12826 | D:8      | Noticed Blork the orc
 12830 | D:8      | Killed Blork the orc
 14157 | D:9      | Found a staircase to the Lair.
 14460 | D:9      | Killed a staircase mimic
 14460 | D:9      | Reached XP level 10. HP: 39/77 MP: 2/25
 15150 | D:9      | Found a bloodstained altar of Trog.
 15152 | D:9      | Found an iron altar of Okawaru.
 15795 | D:9      | Found a burning altar of Makhleb.
 15804 | D:9      | Reached skill level 6 in Fire Magic
 16016 | Lair:1   | Entered Level 1 of the Lair of Beasts
 16464 | Lair:2   | Noticed a catoblepas
 16602 | Lair:2   | Learned a level 1 spell: Summon Butterflies
 16650 | Lair:2   | Killed a catoblepas
 17113 | Lair:2   | Noticed a seven-headed hydra
 17130 | Lair:2   | Killed a seven-headed hydra
 17577 | Lair:1   | Reached XP level 11. HP: 83/83 MP: 20/28
 18297 | Lair:1   | Noticed Nergalle
 18470 | Lair:3   | Found a staircase to the Shoals.
 19145 | Lair:3   | Reached skill level 7 in Fire Magic
 19492 | Lair:3   | Reached skill level 5 in Evocations
 21071 | Lair:4   | Learned a level 6 spell: Iron Shot
 21089 | Lair:4   | Learned a level 5 spell: Bolt of Magma
 21111 | Lair:4   | Reached skill level 1 in Earth Magic
 21508 | Lair:4   | Reached skill level 5 in Summonings
 21659 | Lair:4   | Noticed a seven-headed hydra
 21662 | Lair:4   | Killed a seven-headed hydra
 21662 | Lair:4   | Reached skill level 5 in Armour
 22198 | Lair:5   | Found a frozen archway.
 22208 | IceCv    | Entered an ice cave
 22719 | IceCv    | Reached skill level 5 in Fighting
 22719 | IceCv    | Reached XP level 12. HP: 71/94 MP: 11/29
 23109 | IceCv    | Noticed an ice dragon
 23110 | IceCv    | Noticed an ice dragon
 23159 | IceCv    | Killed an ice dragon
 23165 | IceCv    | Killed an ice dragon
 23348 | IceCv    | Got a transparent lead amulet
 23373 | IceCv    | Identified the amulet of Jeruhaum {Clar Str-3 Int+3} (You found it in an ice cave)
 24375 | Lair:5   | Noticed a death yak
 24376 | Lair:5   | Noticed a death yak
 24377 | Lair:5   | Noticed a death yak
 24419 | Lair:5   | Killed a death yak
 24427 | Lair:5   | Killed a death yak
 24427 | Lair:5   | Reached skill level 8 in Fire Magic
 24509 | Lair:5   | Killed a death yak
 26004 | Lair:6   | Found a hole to the Spider Nest.
 26606 | Lair:6   | Noticed an eight-headed hydra
 26611 | Lair:6   | Killed an eight-headed hydra
 27143 | Lair:6   | Reached XP level 13. HP: 78/102 MP: 7/31
 27811 | Lair:7   | Identified A Beginning Course on Spellcraft
 29367 | Lair:8   | Entered Level 8 of the Lair of Beasts
 29400 | Lair:8   | Identified a scroll of acquirement
 30239 | Lair:8   | Found a staircase to the Slime Pits.
 31089 | Lair:8   | Reached skill level 5 in Earth Magic
 32403 | Lair:8   | Reached skill level 9 in Fire Magic
 32663 | Lair:8   | Reached XP level 14. HP: 66/111 MP: 21/32
 33777 | Spider:1 | Entered Level 1 of the Spider Nest
 34519 | Lair:1   | Noticed Erica
 34525 | Lair:1   | Killed Erica
 34790 | Lair:1   | Killed Nergalle
 35570 | D:10     | Entered Level 10 of the Dungeon
 35767 | D:10     | Learned a level 6 spell: Haste
 35781 | D:10     | Learned a level 2 spell: Blink
 35926 | D:10     | Found an iron altar of Okawaru.
 37366 | D:11     | Noticed Joseph
 37371 | D:11     | Killed Joseph
 37371 | D:11     | Reached skill level 1 in Charms
 37625 | D:11     | Noticed Urug
 37630 | D:11     | Killed Urug
 38381 | D:11     | Found a portal to a secret trove of treasure.
 38851 | D:12     | Found a labyrinth entrance.
 39082 | Lab      | Entered a labyrinth
 40062 | Lab      | Got a steaming marble ring
 40140 | Lab      | Identified the cursed ring "Wuojup" {rC++ AC-2} (You found it in a labyrinth)
 40164 | Lab      | Identified a +5 rod of the swarm (12/12) (You found it in a labyrinth)
 40740 | D:12     | Found a staircase to the Orcish Mines.
 40884 | D:12     | Noticed Sonja
 40887 | D:12     | Killed Sonja
 41141 | D:12     | Got a heavily runed leather armour
 41143 | D:12     | Identified the +0 leather armour "Befagh" {SInv} (You found it on level 12 of the Dungeon)
 41925 | Orc:1    | Entered Level 1 of the Orcish Mines
 42309 | Orc:4    | Entered Level 4 of the Orcish Mines
 42508 | Orc:4    | Reached skill level 1 in Translocations
 43381 | Orc:4    | Noticed Donald
 43387 | Orc:4    | Killed Donald
 43626 | Orc:4    | Found Istriskocwo's Jewellery Emporium.
 43640 | Orc:4    | Found Klusoast's Armour Shoppe.
 43646 | Orc:4    | Bought the +0 pair of gloves of the Forsaken Realms {MR++ Int+2} for 361 gold pieces
 43689 | Orc:4    | Found a roughly hewn altar of Beogh.
 44827 | Orc:4    | Reached XP level 15. HP: 121/121 MP: 23/34
 45981 | Orc:4    | Noticed an orc warlord
 46177 | Orc:4    | Killed an orc warlord
 46798 | Orc:3    | Found a staircase to the Elven Halls.
 47858 | Orc:4    | Found Maecw's Food Emporium.
 48023 | Orc:4    | Found a roughly hewn altar of Beogh.
 48216 | Orc:4    | Found Xogeenypn's General Store.
 48223 | Orc:4    | Bought a bread ration for 80 gold pieces
 48223 | Orc:4    | Bought 2 potions of heal wounds for 96 gold pieces
 48623 | Orc:4    | Bought a meat ration for 50 gold pieces
 48623 | Orc:4    | Bought a meat ration for 50 gold pieces
 48623 | Orc:4    | Bought a meat ration for 50 gold pieces
 48623 | Orc:4    | Bought a meat ration for 50 gold pieces
 48623 | Orc:4    | Bought a meat ration for 50 gold pieces
 48908 | Orc:4    | Bought the ring of Poeciniq {-Tele rElec rC++ MP+9 Str+3 Stlth+} for 770 gold pieces
 48908 | Orc:4    | Bought the ring "Smoyruas" {EV+2 Dex+3 Int+3} for 414 gold pieces
 49087 | D:11     | Learned a level 6 spell: Iron Shot
 50828 | Spider:1 | Learned a level 4 spell: Cause Fear
 51529 | Spider:2 | Reached skill level 1 in Hexes
 52610 | Spider:2 | Reached skill level 5 in Charms
 52928 | Spider:2 | Noticed Arachne
 52939 | Spider:2 | Killed Arachne
 56045 | Spider:3 | Got a twisted plate armour
 56056 | Spider:3 | Identified the cursed +7 plate armour of Shruydo {rPois} (You found it on level 3 of the Spider Nest)
 56231 | Spider:3 | Reached skill level 10 in Spellcasting
 56525 | Spider:3 | Reached XP level 16. HP: 129/129 MP: 28/35
 58335 | Elf:1    | Entered Level 1 of the Elven Halls
 58352 | Elf:1    | Found a radiant altar of Vehumet.
 58388 | Orc:3    | Upgraded the game from 0.15.0-23-gc2b521c to 0.15.0-25-gd84c1e8
 58468 | Orc:4    | Bought a bread ration for 50 gold pieces
 58468 | Orc:4    | Bought a bread ration for 50 gold pieces
 58468 | Orc:4    | Bought a bread ration for 50 gold pieces
 58468 | Orc:4    | Bought a bread ration for 50 gold pieces
 58468 | Orc:4    | Bought 2 fruits for 30 gold pieces
 58468 | Orc:4    | Bought a beef jerky for 15 gold pieces
 58468 | Orc:4    | Bought 5 fruits for 75 gold pieces
 58468 | Orc:4    | Bought a bread ration for 50 gold pieces
 58468 | Orc:4    | Bought a slice of pizza for 15 gold pieces
 58655 | Orc:2    | Noticed Josephine
 58675 | Orc:2    | Found Weadghim's Magic Scroll Emporium.
 58810 | Orc:2    | Killed Josephine
 58969 | Orc:2    | Bought a scroll of identify for 24 gold pieces
 58969 | Orc:2    | Bought a scroll of enchant armour for 90 gold pieces
 58969 | Orc:2    | Bought a scroll of fear for 42 gold pieces
 58969 | Orc:2    | Bought a scroll of recharging for 114 gold pieces
 58969 | Orc:2    | Bought a scroll of identify for 24 gold pieces
 58969 | Orc:2    | Bought a scroll of remove curse for 36 gold pieces
 59688 | Orc:4    | Bought an uncursed ring of see invisible for 210 gold pieces
 60086 | Lair:4   | Noticed a seven-headed hydra
 60088 | Lair:4   | Killed a seven-headed hydra
 60791 | Spider:5 | Entered Level 5 of the Spider Nest
 60854 | Spider:4 | Gained mutation: You are frail (-10% HP). [mutagenic glow]
 61527 | Spider:4 | Gained mutation: You tend to lose your temper in combat. [mutagenic glow]
 61554 | Spider:4 | Reached skill level 10 in Conjurations
 62728 | Spider:5 | Got an iridescent spear
 62729 | Spider:5 | Identified the +9 spear of Stroemeg {freeze, +Blink +Inv rPois rC- Int+3} (You found it on level 5 of the Spider Nest)
 63162 | Spider:5 | Reached skill level 5 in Hexes
 65043 | Spider:5 | Reached skill level 10 in Fire Magic
 66803 | Spider:5 | Reached skill level 10 in Dodging
 66970 | Spider:5 | Got a gossamer rune of Zot
 67800 | Shoals:1 | Entered Level 1 of the Shoals
 68059 | Shoals:1 | Reached XP level 17. HP: 58/122 MP: 1/36
 68212 | Shoals:1 | Noticed Frances
 68519 | Shoals:1 | Killed Frances
 68709 | Shoals:1 | Learned a level 6 spell: Freezing Cloud
 69295 | Shoals:1 | Reached skill level 1 in Ice Magic
 70021 | Shoals:2 | Reached skill level 11 in Spellcasting
 70382 | Shoals:2 | Reached skill level 1 in Air Magic
 70907 | D:13     | Got a pitted long sword
 70908 | D:13     | Identified the +4 long sword "Brush" {flame, +Blink MR+} (You found it on level 13 of the Dungeon)
 70912 | D:13     | Found a gate to the Vaults.
 70974 | D:13     | Noticed Gastronok
 70979 | D:13     | Killed Gastronok
 72678 | D:14     | Noticed Roxanne
 72815 | D:14     | Killed Roxanne
 72844 | D:14     | Identified Roxanne's Compendium of Transmigration (You took it off Roxanne on level 14 of the Dungeon)
 72986 | D:14     | Found Igra Suo's Distillery.
 72996 | D:14     | Bought a potion of experience for 650 gold pieces
 72999 | D:14     | Reached XP level 18. HP: 125/130 MP: 36/37
 73002 | D:14     | Bought a potion of curing for 26 gold pieces
 73002 | D:14     | Bought a potion of curing for 26 gold pieces
 73002 | D:14     | Bought a potion of beneficial mutation for 455 gold pieces
 73004 | D:14     | Gained mutation: You evolve. [potion of beneficial mutation]
 73785 | D:14     | Lost mutation: You are frail (-10% HP). [evolution]
 74821 | D:15     | Entered Level 15 of the Dungeon
 75048 | D:15     | Found Qishiug's Antique Armour Emporium.
 75768 | D:15     | Found a shimmering altar of Xom.
 75783 | D:15     | Found a shimmering altar of Xom.
 75795 | D:15     | Found a shimmering altar of Xom.
 75795 | D:15     | Found a shimmering altar of Xom.
 75796 | D:15     | Found a shimmering altar of Xom.
 76469 | D:15     | Found a staircase to the Depths.
 76795 | D:15     | Found a shimmering altar of Xom.
 78167 | Vaults:1 | Entered Level 1 of the Vaults
 78198 | Vaults:1 | Found Iruetwy's Weapon Shoppe.
 78202 | Vaults:1 | Found Boney's Antique Armour Boutique.
 78203 | Vaults:1 | Noticed Asterion
 78248 | Vaults:1 | Killed Asterion
 78248 | Vaults:1 | Reached skill level 10 in Charms
 78432 | Vaults:1 | Found Imeocuq's Armour Emporium.
 79454 | Vaults:1 | Noticed Saint Roka
 80088 | Vaults:1 | Found Ussutaqe's Gadget Shoppe.
 80774 | Vaults:1 | Reached XP level 19. HP: 154/154 MP: 10/38
 81351 | Vaults:1 | Found Neopath's Book Boutique.
 82919 | Vaults:2 | Noticed Jory
 83450 | Vaults:2 | Got a twisted mace
 84128 | Vaults:2 | Identified the +9 mace "Gytzam" {flame, rF- Str+4} (You took it off a deep elf knight on level 2 of the Vaults)
 84131 | Vaults:2 | Upgraded the game from 0.15.0-25-gd84c1e8 to 0.15.0-27-gbdb0435
 84602 | Vaults:2 | Reached skill level 5 in Ice Magic
 84622 | Vaults:2 | Reached skill level 10 in Fighting
 85495 | Vaults:1 | Killed Saint Roka
 85526 | Vaults:1 | Lost mutation: You tend to lose your temper in combat. [evolution]
 87373 | Shoals:2 | Noticed Mayheim's ghost (mighty SpEn)
 87383 | Shoals:2 | Killed Mayheim's ghost
 87765 | Shoals:3 | Noticed Norris
 87881 | Shoals:3 | Killed Norris
 88645 | Shoals:3 | Got a shimmering ring mail
 88761 | Shoals:3 | Identified the cursed -5 ring mail of the Rabble {rPois rN+ Str-3} (You found it on level 3 of the Shoals)
 89802 | Shoals:4 | Reached skill level 10 in Earth Magic
 90568 | Shoals:5 | Entered Level 5 of the Shoals
 90568 | Shoals:5 | Found Smutequr's Gadget Emporium.
 90568 | Shoals:5 | Found Phobay's Book Emporium.
 90839 | Shoals:4 | Found Graana Fuoff's Jewellery Emporium.
 91127 | Shoals:5 | Noticed Ilsuiw
 91328 | Shoals:5 | Found Smiun's General Store.
 91336 | Shoals:5 | Bought a scroll of enchant weapon for 90 gold pieces
 91754 | Shoals:5 | Killed Ilsuiw
 91962 | Shoals:5 | Reached XP level 20. HP: 127/161 MP: 24/39
 92350 | Shoals:5 | Found Klallian's Armour Shop.
 93015 | Shoals:5 | Found Bofut's Antique Weapon Boutique.
 93102 | Shoals:5 | Got a barnacled rune of Zot
 93208 | Shoals:5 | Bought a potion of curing for 24 gold pieces
 93208 | Shoals:5 | Bought a beef jerky for 18 gold pieces
 93208 | Shoals:5 | Bought a meat ration for 60 gold pieces
 93208 | Shoals:5 | Bought a scroll of summoning for 114 gold pieces
 93208 | Shoals:5 | Bought a scroll of recharging for 114 gold pieces
 93469 | Shoals:5 | Identified the Tome of Unholy Rituals and the Snowflakes
 94333 | Vaults:2 | Learned a level 3 spell: Regeneration
 95345 | Vaults:2 | Reached skill level 12 in Spellcasting
 95354 | Vaults:2 | Killed Jory
 95985 | Vaults:2 | Found Chucs' Book Boutique.
 96253 | Vaults:2 | Reached skill level 5 in Translocations
 96295 | Vaults:2 | Reached skill level 10 in Armour
 96530 | Vaults:2 | Found a staircase to the Crypt.
 96873 | Vaults:2 | Reached skill level 5 in Air Magic
 97492 | Vaults:2 | Gained mutation: You passively map a small area around you. [evolution]
 99689 | Vaults:3 | Got a crude lapis lazuli ring
 99695 | Vaults:3 | Identified the ring of Generosity {rC+ Int-1 SInv} (You found it on level 3 of the Vaults)
101878 | Vaults:4 | Reached XP level 21. HP: 157/171 MP: 27/40
102939 | Vaults:5 | Entered Level 5 of the Vaults
104658 | Depths:1 | Entered Level 1 of the Depths
104995 | Depths:2 | Gained mutation: You are resistant to hostile enchantments. [evolution]
105082 | Depths:2 | Reached skill level 10 in Stealth
105297 | Depths:2 | Reached skill level 1 in Necromancy
105893 | Depths:2 | Got a slimy glass ring
105895 | Depths:2 | Identified the ring "Kaofel" {Str+3 Dex+3 SInv} (You found it on level 2 of the Depths)
106256 | Depths:2 | Got an uncursed faintly glowing hand axe {elec}
106257 | Depths:2 | Identified the +5 hand axe of Crystal {elec, Noisy rN+ Str+1 Int+3} (You took it off a yaktaur captain on level 2 of the Depths)
106938 | Depths:2 | Found a one-way gate to the infinite horrors of the Abyss.
107692 | Depths:2 | Reached XP level 22. HP: 139/180 MP: 24/41
107728 | Depths:2 | Found a gateway to Hell.
107752 | Depths:2 | Got a slimy turquoise ring
107828 | Depths:2 | Got a faintly glowing ivory ring
111655 | Vaults:4 | Reached skill level 13 in Spellcasting
111870 | Vaults:5 | Reached skill level 10 in Evocations
112072 | Vaults:5 | Identified the Reference Book on Vitriolic Attacks
112206 | Vaults:5 | Noticed an ancient lich
112222 | Vaults:5 | Killed an ancient lich
112694 | Vaults:5 | Gained mutation: Your magical capacity is low (-10% MP). [evolution]
112960 | Vaults:5 | Identified the Tome of the Compass
113666 | Vaults:5 | Got an ichor-stained glaive
113668 | Vaults:5 | Identified the +7 glaive of Naagaid {chop, -Cast +Inv} (You took it off a vault warden on level 5 of the Vaults)
114229 | Vaults:5 | Got a silver rune of Zot
114254 | Vaults:5 | Identified the ring of Ixenien {rC+ Str+3 Int+3} (You took it off a fire giant on level 2 of the Depths)
114255 | Vaults:5 | Identified the ring of the Imp {MP+9 Dex+3 Int+1} (You took it off a deep elf knight on level 2 of the Depths)
114682 | Vaults:5 | Reached XP level 23. HP: 114/189 MP: 21/37
115082 | Vaults:5 | Learned a level 1 spell: Beastly Appendage
115248 | Vaults:5 | Got a silk robe
115250 | Vaults:5 | Identified the +0 robe of the Big Bang {+Blink +Rage rC+ Stlth+} (You found it on level 5 of the Vaults)
115596 | Elf:1    | Noticed Fannar
115614 | Elf:1    | Killed Fannar
116004 | Elf:1    | Reached skill level 1 in Transmutations
116313 | Elf:1    | Found a radiant altar of Vehumet.
116344 | Elf:1    | Upgraded the game from 0.15.0-27-gbdb0435 to 0.15.0-29-ga8e3430
117466 | Elf:2    | Found Feolal's Jewellery Emporium.
117477 | Elf:2    | Found Bakier's Antique Armour Emporium.
117549 | Elf:2    | Found Baadd's Armour Boutique.
118116 | Elf:3    | Entered Level 3 of the Elven Halls
118201 | Elf:3    | Found Qaaraeh's Armour Shoppe.
118213 | Elf:3    | Bought a +2 buckler of protection for 301 gold pieces
118577 | Elf:3    | Reached skill level 10 in Summonings
118581 | Elf:3    | Gained mutation: You occasionally shout uncontrollably at your foes. [mutagenic glow]
118637 | Elf:3    | Gained mutation: Your magical capacity is very low (-20% MP). [mutagenic glow]
118825 | Elf:3    | Gained mutation: Your vision is a little blurry. [mutagenic glow]
118888 | Elf:3    | Gained mutation: Your magical capacity is extremely low (-30% MP). [mutagenic glow]
118921 | Elf:3    | Gained mutation: Your body is slowly deteriorating. [mutagenic glow]
119831 | Elf:3    | Got a pitted cloak
119842 | Elf:3    | Identified the +5 cloak of Rafatewk {+Inv rPois rC+ MR+} (You acquired it on level 3 of the Elven Halls)
119845 | Elf:3    | Identified the Handbook of Frigorific Talismans
119964 | Elf:3    | Identified a cursed +3 rod of clouds (11/11) (You took it off a deep elf annihilator on level 3 of the Elven Halls)
119968 | Elf:3    | Got a sparkling steel ring
119969 | Elf:3    | Identified the ring of Mnusuih {SustAb rElec SInv} (You took it off a deep elf annihilator on level 3 of the Elven Halls)
120425 | Elf:3    | Got a glittering lapis lazuli ring
120426 | Elf:3    | Identified the ring of the Prince {Slay+4 SInv} (You took it off a deep elf fighter on level 3 of the Elven Halls)
120622 | Elf:3    | Gained mutation: You have a pair of small antennae on your head. [evolution]
120875 | Elf:3    | Noticed Chiseanne's ghost (mighty SpAs)
120892 | Elf:3    | Killed Chiseanne's ghost
121851 | Slime:1  | Entered Level 1 of the Pits of Slime
121851 | Slime:1  | Found a burning altar of Makhleb.
122228 | Slime:1  | Gained mutation: Your spells are a little easier to cast, but a little less powerful. [a shining eye]
122389 | Slime:1  | Gained mutation: You are frail (-10% HP). [a shining eye]
122390 | Slime:1  | Gained mutation: Armour fits poorly on your strangely shaped body. [a shining eye]
122890 | Slime:1  | Reached skill level 5 in Necromancy
123076 | Slime:2  | Lost mutation: Your spells are a little easier to cast, but a little less powerful. [a shining eye]
123077 | Slime:2  | Gained mutation: Your spells are a little easier to cast, but a little less powerful. [a shining eye]
123078 | Slime:2  | Gained mutation: Space occasionally distorts in your vicinity. [a shining eye]
124965 | Slime:4  | Gained mutation: Your body is deteriorating. [a shining eye]
125095 | Slime:3  | Lost mutation: You are frail (-10% HP). [potion of cure mutation]
125095 | Slime:3  | Lost mutation: Space occasionally distorts in your vicinity. [potion of cure mutation]
125095 | Slime:3  | Lost mutation: You are resistant to hostile enchantments. [potion of cure mutation]
125097 | Slime:3  | Lost mutation: Your vision is a little blurry. [potion of cure mutation]
125097 | Slime:3  | Lost mutation: Your magical capacity is extremely low (-30% MP). [potion of cure mutation]
125097 | Slime:3  | Lost mutation: Your magical capacity is very low (-20% MP). [potion of cure mutation]
125097 | Slime:3  | Lost mutation: You occasionally shout uncontrollably at your foes. [potion of cure mutation]
125098 | Slime:3  | Lost mutation: Your body is deteriorating. [potion of cure mutation]
125098 | Slime:3  | Lost mutation: Your body is slowly deteriorating. [potion of cure mutation]
125098 | Slime:3  | Lost mutation: Your magical capacity is low (-10% MP). [potion of cure mutation]
125098 | Slime:3  | Lost mutation: You have a pair of small antennae on your head. [potion of cure mutation]
125098 | Slime:3  | Lost mutation: You passively map a small area around you. [potion of cure mutation]
125133 | Slime:4  | Gained mutation: Your vision is a little blurry. [a shining eye]
125186 | Slime:4  | Gained mutation: You occasionally shout uncontrollably at your foes. [a shining eye]
125188 | Slime:4  | Gained mutation: Your flesh is cold resistant. [a shining eye]
125477 | Slime:4  | You fall through a shaft!
125486 | Slime:5  | Gained mutation: Your magical capacity is low (-10% MP). [a shining eye]
125778 | Slime:5  | Lost mutation: Your vision is a little blurry. [potion of cure mutation]
125778 | Slime:5  | Lost mutation: Armour fits poorly on your strangely shaped body. [potion of cure mutation]
125778 | Slime:5  | Lost mutation: Your magical capacity is low (-10% MP). [potion of cure mutation]
125778 | Slime:5  | Lost mutation: You evolve. [potion of cure mutation]
125832 | Slime:5  | Reached XP level 24. HP: 165/198 MP: 36/42
126140 | Slime:6  | Entered Level 6 of the Pits of Slime
126310 | Slime:6  | Gained mutation: Your spells are easier to cast, but less powerful. [a shining eye]
126348 | Slime:6  | Noticed elenap21's ghost (mighty MiDK)
126621 | Slime:6  | Killed elenap21's ghost
126654 | Slime:6  | Gained mutation: Your magical capacity is low (-10% MP). [a shining eye]
126655 | Slime:6  | Gained mutation: Your magical capacity is very low (-20% MP). [a shining eye]
126662 | Slime:6  | Noticed the royal jelly
126806 | Slime:6  | Gained mutation: You are dopey. (Int -2) [a shining eye]
127109 | Slime:6  | Reached skill level 14 in Earth Magic
127205 | Slime:5  | Lost mutation: Your magical capacity is very low (-20% MP). [mutagenic glow]
127520 | Slime:6  | Gained mutation: Space occasionally distorts in your vicinity. [mutagenic glow]
128097 | Slime:6  | Killed the royal jelly
128826 | Orc:4    | Starved to death

Action                   |  1- 3 |  4- 6 |  7- 9 | 10-12 | 13-15 | 16-18 | 19-21 | 22-24 || total
-------------------------+-------+-------+-------+-------+-------+-------+-------+-------++-------
Melee: Dagger            |    51 |    19 |   162 |   372 |  1237 |   990 |  1168 |  1421 ||  5420
       Unarmed           |     5 |       |       |       |       |       |       |       ||     5
       War axe           |       |   101 |    63 |       |       |       |       |       ||   164
       Rod               |       |       |       |       |     6 |       |       |       ||     6
Throw: Javelin           |       |     1 |     7 |     5 |       |       |       |       ||    13
       Throwing net      |       |       |       |     4 |     1 |       |       |       ||     5
 Cast: Flame Tongue      |    45 |    62 |   102 |   265 |   191 |   135 |   144 |    45 ||   989
       Throw Flame       |    26 |    86 |   227 |   286 |   417 |   116 |    56 |    36 ||  1250
       Conjure Flame     |       |     2 |     4 |     1 |       |       |       |       ||     7
       Sticky Flame      |       |     1 |    33 |    55 |   126 |   162 |   202 |   137 ||   716
       Summon Small Mamm |       |       |     6 |     4 |       |       |       |       ||    10
       Fireball          |       |       |     1 |    29 |   221 |   197 |   306 |   248 ||  1002
       Summon Butterflie |       |       |       |     5 |       |       |     1 |     4 ||    10
       Bolt of Magma     |       |       |       |    43 |   198 |       |       |       ||   241
       Blink             |       |       |       |       |     5 |     3 |     3 |     1 ||    12
       Iron Shot         |       |       |       |       |    71 |   277 |   342 |   179 ||   869
       Cause Fear        |       |       |       |       |     4 |     3 |     1 |       ||     8
       Haste             |       |       |       |       |     1 |    17 |    18 |    23 ||    59
       Freezing Cloud    |       |       |       |       |       |       |    79 |   216 ||   295
       Regeneration      |       |       |       |       |       |       |    27 |    49 ||    76
 Abil: Evoke Invisibilit |       |       |       |       |       |       |       |     7 ||     7
Evoke: Wand              |       |     2 |    13 |    27 |    39 |    53 |    25 |    19 ||   178
       Crystal ball of e |       |       |       |       |       |       |   142 |   332 ||   474
  Use: Scroll            |     5 |     1 |     8 |    23 |    33 |    11 |    33 |    25 ||   139
       Potion            |       |     1 |       |     4 |     5 |     6 |    40 |    31 ||    87
 Stab: Sleeping          |     1 |       |     1 |       |     4 |       |     1 |     1 ||     8
       Invisible         |       |     1 |       |       |       |       |       |     5 ||     6
       Confused          |       |       |       |     1 |       |       |       |       ||     1
       Distracted        |       |       |       |       |     1 |     1 |     2 |     3 ||     7
  Eat: Chunk             |     2 |     7 |     8 |    16 |    39 |    52 |    66 |    48 ||   238
       Bread ration      |     1 |     1 |       |     7 |     7 |     7 |     4 |     8 ||    35
       Beef jerky        |       |     1 |     1 |       |     4 |     4 |     2 |       ||    12
       Fruit             |       |     2 |     6 |       |     2 |    30 |     4 |     4 ||    48
       Meat ration       |       |       |     3 |     1 |    11 |     1 |    12 |     5 ||    33
       Pizza             |       |       |       |     1 |     2 |     6 |     2 |     3 ||    14
       Royal jelly       |       |       |       |     1 |     1 |     3 |     2 |     1 ||     8
